 Dungeon Crawl Stone Soup version 0.19.1-1-g22dce08 (webtiles) character file.

5681 Lennu the Martial Artist (level 10, -3/83 HPs)
             Began as a Black Draconian Transmuter on Jan 6, 2017.
             Was a Believer of Uskayaw.
             Slain by a troll (14 damage)
             ... on level 9 of the Dungeon.
             The game lasted 00:46:45 (9732 turns).

Lennu the Martial Artist (DrTm)                     Turns: 9732, Time: 00:46:46

Health: -3/83      AC:  9    Str: 11    XL:     10   Next: 47%
Magic:  16/16      EV: 21    Int: 14    God:    Uskayaw [**....]
Gold:   230        SH:  7    Dex: 17    Spells: 1 memorised, 16 levels left

rFire  . . .     SeeInvis +     E - +11 dagger of Oshuisier {pierce, rC++ MR- Dex+3 Stlth+}
rCold  + + .     Gourm    .     (armour unavailable)
rNeg   . . .     Faith    .     G - +2 buckler
rPois  .         Spirit   .     (helmet restricted)
rElec  +         Reflect  .     (no cloak)
rCorr  .         Harm     .     i - +0 pair of gloves
MR     .....                    u - +0 pair of boots
Stlth  ++++......               p - amulet of rage
                                h - +5 ring of evasion
                                y - ring of see invisible

@: short of breath, appendage
A: breathe lightning, unfitting armour, horns 2, electricity resistance, weak 1,
cold-blooded, AC +7
a: Breathe Lightning, End Transformation, Stomp, Line Pass, Renounce Religion,
Evoke Berserk Rage


You were on level 9 of the Dungeon.
You worshipped Uskayaw.
Uskayaw was noncommittal.
You were not hungry.
You had grown temporary horns.
You visited 2 branches of the dungeon, and saw 10 of its levels.
You also visited: Sewer.

You collected 566 gold pieces.
You spent 336 gold pieces at shops.

Inventory:

Hand Weapons
 E - the +11 dagger of Oshuisier (weapon) {pierce, rC++ MR- Dex+3 Stlth+}
   (You found it on level 7 of the Dungeon)

   It inflicts extra damage upon your enemies.
   It affects your dexterity (+3).
   It greatly protects you from cold.
   It affects your resistance to hostile enchantments.
   It makes you more stealthy.
Missiles
 a - 191 arrows
Armour
 i - a +0 pair of gloves (worn)
 u - a +0 pair of boots (worn)
 G - a +2 buckler (worn)
Jewellery
 h - a +5 ring of evasion (right hand)
 l - an uncursed ring of protection from magic
 p - an amulet of rage (around neck)
 y - a ring of see invisible (left hand)
Wands
 m - a wand of polymorph (15/24)
 D - a wand of iceblast (7/15)
 H - a wand of random effects (33/48)
Scrolls
 d - 2 scrolls of blinking
 e - 8 scrolls of remove curse
 j - 2 scrolls of magic mapping
 n - a scroll of enchant weapon
 q - a scroll of silence {unknown}
 r - a scroll of fear
 v - a scroll of amnesia {unknown}
 x - 2 scrolls of teleportation
 z - a scroll of fog {unknown}
 C - 7 scrolls of identify
Potions
 f - 2 potions of invisibility
 g - 3 potions of haste
 k - 5 potions of curing
 o - 3 potions of brilliance
 w - 5 potions of flight
 A - a potion of mutation {unknown}
 I - a potion of cancellation {unknown}
Books
 b - a book of Changes

   Spells                             Type                      Level
   a - Beastly Appendage              Transmutation                1
   b - Sticks to Snakes               Transmutation                2
   c - Spider Form                    Transmutation/Poison         3
   d - Ice Form                       Ice/Transmutation            4
   e - Blade Hands                    Transmutation                5
 F - a book of Callings

   Spells                             Type                      Level
   a - Summon Small Mammal            Summoning                    1
   b - Call Imp                       Summoning                    2
   c - Call Canine Familiar           Summoning                    3
   d - Summon Guardian Golem          Hexes/Summoning              3
   e - Summon Lightning Spire         Summoning/Air                4
   f - Summon Ice Beast               Ice/Summoning                4
Comestibles
 c - 14 bread rations
 s - 4 meat rations
 t - a slice of pizza
 B - 6 chunks of flesh


   Skills:
 * Level 5.7 Fighting
 * Level 4.1 Short Blades
 * Level 6.5 Dodging
 * Level 3.9 Stealth
 * Level 2.2 Shields
 - Level 9.3 Unarmed Combat
 - Level 4.4 Spellcasting
 - Level 5.9 Transmutations
 * Level 1.2 Invocations


You had 16 spell levels left.
You knew the following spells:

 Your Spells              Type           Power        Failure   Level  Hunger
a - Beastly Appendage     Tmut           ###...       1%          1    None


Dungeon Overview and Level Annotations

Branches:
Dungeon (9/15)             Temple (1/1) D:5
   Lair: D:8-11         Orc: D:9-12

Altars:
Ashenzari
Cheibriados
Dithmenos
Elyvilon
Fedhas
Gozag
Hepliaklqana
Kikubaaqudgha
Makhleb
Nemelex Xobeh
Okawaru
Qazlal
Ru
Sif Muna
Trog
Uskayaw
Vehumet
Xom
Yredelemnul
Zin
The Shining One

Shops:
D:5 [   D:7 %


Innate Abilities, Weirdness & Mutations

You can breathe wild blasts of lightning.
Your glossy black scales are hard. (AC +7)
You cannot fit into any form of body armour.
You are resistant to electric shocks. (rElec)
You are cold-blooded and may be slowed by cold attacks.
You have a pair of horns on your head.
You are weak. (Str -2)


Message History

The puff of flame hits you!
The orc warrior hits you with a halberd!
The troll bites you!
* * * LOW HITPOINT WARNING * * *
The troll claws you but does no damage. The troll claws you!
* * * LOW HITPOINT WARNING * * *
You can now pass through a line of other dancers.
Okay, then.
As you read the scroll of fear, it crumbles to dust.
You assume a fearsome visage.
The orc warrior looks frightened!
The orc wizard resists with some effort.
The orc wizard looks frightened! x2; The troll resists with some effort.
The orc looks frightened!
The orc wizard mumbles some strange words.
The orc wizard flickers and vanishes for a moment.
The orc wizard casts a spell.
The orc wizard flickers and vanishes for a moment.
The orc wizard begins to cast a cantrip, but forgets the words!
The troll bites you!
You die...

#........##
##......##.##
#.......##..##
#.......###..#
#########.......# ##.#
###......#........# #..
.......o.#.......## ##.
......o..........# #..
.....o(@T........# ##..
........o..(.....# #..#
.......o.........####...
.................♣......
...............P≈≈≈.....
...............♣≈≈♣.....
.................P≈.....
....................####
.......#..#


You could see a troll, an orc warrior (fleeing), 3 orc wizards and an orc
(fleeing).

Vanquished Creatures
  The ghost of monokles the Covert, a novice SpAs of Dithmenos (D:8)
  Maurice (D:8)
  A troll (D:9)
  2 hippogriffs (D:7)
  A spriggan (D:7)
  The ghost of loom the Stinger, an amateur SpVM (D:5)
  2 ice beasts
  2 sky beasts
  4 phantoms
  5 centaurs
  4 ogres
  A crocodile (Sewer)
  Blork the orc (D:6)
  2 big kobolds
  4 bullfrogs
  10 killer bees
  6 wights
  A howler monkey (D:6)
  4 jellies
  A centaur zombie (D:7)
  4 hounds
  A quasit (D:7)
  A bullfrog zombie (D:5)
  3 orc priests
  A bullfrog skeleton (D:5)
  An iguana (D:9)
  13 orc wizards
  Natasha (thrice) (D:2)
  4 worker ants
  2 hound skeletons
  2 worker ant zombies
  A howler monkey skeleton (D:5)
  7 adders
  2 shadow imps
  2 adder skeletons
  2 dart slugs
  7 worms
  6 leopard geckos
  33 orcs
  A ball python (D:2)
  7 giant cockroaches
  4 goblins (D:1)
  12 hobgoblins
  22 jackals
  2 quokkas (D:5)
  3 bats
  2 frilled lizards
  A jackal skeleton (D:4)
  19 kobolds
  A leopard gecko skeleton (D:4)
  A quokka skeleton (D:5)
  16 rats
  A plant (D:4)
241 creatures vanquished.

Notes
Turn   | Place    | Note
-------+----------+-------------------------------------------
     0 | D:1      | Lennu the Draconian Transmuter began the quest for the Orb.
     0 | D:1      | Reached XP level 1. HP: 16/16 MP: 3/3
    72 | D:1      | Reached XP level 2. HP: 23/23 MP: 3/5
   738 | D:1      | Reached XP level 3. HP: 26/28 MP: 4/6
  1028 | D:2      | Noticed Natasha
  1039 | D:2      | Killed Natasha
  1039 | D:2      | Reached skill level 4 in Unarmed Combat
  1451 | D:2      | Reached XP level 4. HP: 34/35 MP: 5/7
  1639 | D:2      | Found an opulent altar of Gozag.
  2046 | D:2      | Noticed Natasha
  2055 | D:2      | Killed Natasha
  2427 | D:2      | Noticed Natasha
  2437 | D:2      | Killed Natasha
  2437 | D:2      | Reached XP level 5. HP: 22/41 MP: 7/9
  3669 | D:3      | Noticed a sky beast
  3694 | D:3      | Killed a sky beast
  3694 | D:3      | Reached XP level 6. HP: 20/48 MP: 8/10
  3699 | D:3      | Gained mutation: You are weak. (Str -2) [mutagenic meat]
  4402 | D:4      | Reached skill level 5 in Unarmed Combat
  5102 | D:5      | Entered Level 5 of the Dungeon
  5126 | D:5      | Noticed loom's ghost (amateur SpVM)
  5175 | D:5      | Killed loom's ghost
  5175 | D:5      | Your scales start taking on a glossy black colour.
  5175 | D:5      | Reached XP level 7. HP: 49/57 MP: 12/12
  5175 | D:5      | Gained mutation: You are resistant to electric shocks. (rElec) [Black Draconian growth]
  5221 | D:5      | Found Exadd's Antique Armour Shop.
  5254 | D:5      | Reached skill level 6 in Unarmed Combat
  5531 | D:5      | Found a glowing drain.
  5549 | Sewer    | Entered a sewer
  5836 | D:5      | Bought a shiny buckler for 336 gold pieces
  5963 | D:5      | Found a hazy altar of Hepliaklqana.
  5966 | D:5      | Found a shattered altar of Ashenzari.
  5969 | D:5      | Found a radiant altar of Vehumet.
  6033 | D:5      | Reached XP level 8. HP: 66/66 MP: 11/13
  6071 | D:5      | Reached skill level 7 in Unarmed Combat
  6206 | D:5      | Found a staircase to the Ecumenical Temple.
  6210 | Temple   | Entered the Ecumenical Temple
  6302 | Temple   | Became a worshipper of Uskayaw the Reveler
  6443 | D:6      | Reached * piety under Uskayaw
  6445 | D:6      | Reached ** piety under Uskayaw
  6450 | D:6      | Reached *** piety under Uskayaw
  6577 | D:6      | Reached skill level 1 in Stealth
  6592 | D:6      | Reached skill level 8 in Unarmed Combat
  6592 | D:6      | Reached **** piety under Uskayaw
  6639 | D:6      | Noticed Blork the orc
  6645 | D:6      | Killed Blork the orc
  6819 | D:6      | Found a basalt altar of Yredelemnul.
  7073 | D:7      | Reached XP level 9. HP: 36/71 MP: 13/15
  7078 | D:7      | Reached ***** piety under Uskayaw
  7086 | D:7      | Reached skill level 5 in Dodging
  7362 | D:7      | Reached skill level 1 in Shields
  7625 | D:7      | Reached skill level 5 in Transmutations
  7666 | D:7      | Reached skill level 9 in Unarmed Combat
  7747 | D:7      | Got a shimmering dagger
  7748 | D:7      | Identified the +11 dagger of Oshuisier {pierce, rC++ MR- Dex+3 Stlth+} (You found it on level 7 of the Dungeon)
  7935 | D:7      | Found Vonolon's Food Shoppe.
  8065 | D:7      | Noticed a moth of wrath
  8068 | D:7      | Found a bloodstained altar of Trog.
  8293 | D:8      | Reached skill level 5 in Fighting
  8356 | D:8      | Reached skill level 1 in Short Blades
  8376 | D:8      | Noticed Maurice
  8387 | D:8      | Killed Maurice
  8387 | D:8      | Reached XP level 10. HP: 72/81 MP: 16/16
  8901 | D:8      | Noticed monokles's ghost (novice SpAs)
  8925 | D:8      | Killed monokles's ghost
  9667 | D:9      | Reached skill level 1 in Invocations
  9732 | D:9      | Slain by a troll

Skill      XL: |  1  2  3  4  5  6  7  8  9 10 |
---------------+-------------------------------+-----
Dodging        | 2 3 4 6 |  6.5
Unarmed Combat | 4 5 6 8 9 |  9.3
Spellcasting   | 3 4 |  4.4
Fighting       | 2 3 4 5 |  5.7
Transmutations | 3 4 5 |  5.9
Stealth        | 1 2 3 |  3.9
Shields        | 1 2 |  2.2
Short Blades   | 2 4 |  4.1
Invocations    | 1 |  1.2

Action                   |  1- 3 |  4- 6 |  7- 9 | 10-12 || total
-------------------------+-------+-------+-------+-------++-------
Melee: Unarmed           |   118 |   414 |   325 |       ||   857
       Headbutt          |     8 |    36 |    47 |    10 ||   101
       Tailslap          |    14 |    47 |    34 |     7 ||   102
       Kick              |     4 |    25 |       |       ||    29
       Punch             |     1 |    11 |     2 |       ||    14
       Dagger            |       |       |    47 |   106 ||   153
 Cast: Beastly Appendage |    21 |    43 |    36 |     8 ||   108
Invok: Stomp             |       |       |     2 |       ||     2
 Abil: Breathe Lightning |       |       |     9 |     3 ||    12
  Use: Scroll            |     1 |     6 |     7 |     2 ||    16
       Potion            |       |     9 |     3 |       ||    12
 Stab: Paralysed         |       |       |    10 |     4 ||    14
       Sleeping          |       |       |     3 |     2 ||     5
  Eat: Chunk             |     2 |     5 |     9 |     3 ||    19
       Meat ration       |       |     1 |       |       ||     1
       Fruit             |       |     5 |     2 |     3 ||    10
       Beef jerky        |       |       |     1 |       ||     1
Armor: Skin              |    21 |    72 |    85 |    15 ||   193
Dodge: Dodged            |    73 |   185 |   342 |    89 ||   689
Block: Buckler           |       |       |    61 |    43 ||   104
